 Dungeon Crawl Stone Soup version 0.29-a0-541-gaf1fc19f1b (webtiles) character file.

Game seed: 17000620337056575161

190601 Nedwor the Slayer (level 17, -1/176 HPs)
             Began as a Minotaur Gladiator on June 1, 2022.
             Was a High Priest of Okawaru.
             Succumbed to a nagaraja's poison arrow
             ... on level 4 of the Snake Pit on June 2, 2022.
             The game lasted 01:33:54 (33156 turns).

Nedwor the Slayer (Minotaur Gladiator)             Turns: 33156, Time: 01:33:54

Health: -1/176     AC: 26    Str: 25    XL:     17   Next: 98%
Magic:  16/16      EV:  9    Int:  7    God:    Okawaru [*****.]
Gold:   1932       SH:  0    Dex: 14    Spells: 16/16 levels left

rFire   + . .      SeeInvis .   D - +3 lajatang (vamp)
rCold   . . .      Faith    .   (shield currently unavailable)
rNeg    + . .      Spirit   .   t - +0 plate armour {rPois}
rPois   +          Reflect  .   K - +2 hat
rElec   .          Harm     .   T - +0 cloak {rCorr}
rCorr   +          Rampage  +   g - +2 pair of gloves of Efaicka {rF+ Int+2}
Will    ++...                   V - +0 pair of boots {rampage}
Stlth   ..........              P - amulet of regeneration
HPRegen 1.19/turn               c - ring of positive energy
MPRegen 0.15/turn               J - ring of willpower

@: lethally poisoned (-1 -> -13), weakened
A: horns 2, retaliatory headbutt
a: Renounce Religion, Heroism, Finesse, Duel


You were on level 4 of the Snake Pit.
You worshipped Okawaru.
Okawaru was extremely pleased with you.
You visited 6 branches of the dungeon, and saw 29 of its levels.
You also visited: Sewer and Bailey.

You collected 3796 gold pieces.
You spent 1864 gold pieces at shops.

Inventory:

Hand Weapons
 D - a +3 vampiric lajatang (weapon)
Missiles
 d - 3 throwing nets (quivered)
 e - 8 javelins
Armour
 f - a +2 crystal plate armour
 g - the +2 pair of gloves of Efaicka (worn) {rF+ Int+2}
   (You acquired it on level 4 of the Dungeon)

   Int:       It affects your intelligence (+2).
   rF:        It protects you from fire.
 t - a +0 plate armour of poison resistance (worn)
 K - a +2 hat (worn)
 S - the +0 kite shield of Eternal Vigilance {rC+ Str+2 Dex+4}
   (Okawaru gifted it to you on level 5 of the Lair of Beasts)

   Str:       It affects your strength (+2).
   Dex:       It affects your dexterity (+4).
   rC:        It protects you from cold.
 T - a +0 cloak of preservation (worn)
 V - a +0 pair of boots of rampaging (worn)
Magical Staves
 v - a staff of earth
Jewellery
 c - a ring of positive energy (left hand)
 n - a ring of fire
 q - a ring of flight
 s - an amulet of the acrobat
 u - a ring of see invisible
 F - a ring of willpower
 H - a ring of fire
 J - a ring of willpower (right hand)
 L - a ring of resist corrosion
 M - a +4 ring of evasion
 O - a ring of protection from fire
 P - an amulet of regeneration (around neck)
 U - a ring of wizardry
Wands
 a - a wand of flame (35)
 j - a wand of mindburst (2)
 y - a wand of acid (31)
 G - a wand of polymorph (17)
 N - a wand of iceblast (7)
 R - a wand of digging (3)
Scrolls
 b - 15 scrolls of teleportation
 k - a scroll of fog
 l - 9 scrolls of fear
 o - 14 scrolls of identify
 w - a scroll of silence
 E - 4 scrolls of magic mapping
 Q - a scroll of amnesia
Potions
 h - 6 potions of invisibility
 m - 4 potions of magic
 p - 5 potions of heal wounds
 r - 7 potions of curing
 x - 2 potions of cancellation
 z - a potion of resistance
 A - 3 potions of haste
 B - 7 potions of brilliance
 C - a potion of flight


   Skills:
 + Level 21.9 Fighting
 - Level 14.0 Staves
 - Level 2.0 Throwing
 + Level 16.5 Armour
 - Level 3.2 Dodging
 + Level 9.8 Shields
 * Level 9.6 Earth Magic
 * Level 10.5 Evocations


You had 16 spell levels left.
You didn't know any spells.
Your spell library contained the following spells:

 Spells                   Type           Power      Damage    Failure   Level
 Beastly Appendage        Tmut           0%         N/A       97%         1
 Wereblood                Tmut           0%         N/A       99%         2
 Leda's Liquefaction      Hex/Erth       3%         N/A       99%         4
 Dazzling Flash           Conj/Hex       0%         N/A       100%        3
 Inner Flame              Hex/Fire       0%         N/A       100%        3
 Ozocubu's Armour         Ice            0%         N/A       100%        3
 Portal Projectile        Hex/Tloc       0%         N/A       100%        3
 Spider Form              Tmut/Pois      0%         N/A       100%        3
 Airstrike                Air            0%         N/A       100%        4
 Cause Fear               Hex            0%         N/A       100%        4
 Corpse Rot               Necr/Pois/Air  0%         N/A       100%        4
 Dispel Undead            Necr           0%         3d6       100%        4
 Agony                    Necr           0%         N/A       100%        5
 Alistair's Intoxication  Tmut/Pois      0%         N/A       100%        5
 Borgnjor's Vile Clutch   Necr/Erth      3%         N/A       100%        5
 Fireball                 Conj/Fire      0%         3d3       100%        5
 Lightning Bolt           Conj/Air       0%         1d11      100%        5
 Metabolic Englaciation   Hex/Ice        0%         N/A       100%        5
 Silence                  Hex/Air        0%         N/A       100%        5
 Eringya's Noxious Bog    Tmut/Pois      0%         N/A       100%        6
 Starburst                Conj/Fire      0%         6d3       100%        6
 Dragon Form              Tmut           0%         N/A       100%        7
 Discord                  Hex            0%         N/A       100%        8
 Ignition                 Fire           0%         3d3       100%        8
 Call Canine Familiar     Summ           Unusable   N/A       N/A         3
 Summon Lightning Spire   Summ/Air       Unusable   N/A       N/A         4
 Summon Forest            Summ/Tloc      Unusable   N/A       N/A         5
 Death Channel            Necr           Unusable   N/A       N/A         6
 Simulacrum               Ice/Necr       Unusable   N/A       N/A         6
 Summon Hydra             Summ           Unusable   N/A       N/A         7
 Dragon's Call            Summ           Unusable   N/A       N/A         9

Dungeon Overview and Level Annotations

Branches:
Dungeon (15/15)            Temple (1/1) D:5            Lair (6/6) D:11
 Shoals (1/4) Lair:4        Snake (4/4) Lair:4        Slime (0/5) Lair:6
    Orc (2/2) D:12            Elf (0/3) Orc:2        Vaults (0/5) D:13
 Depths (0/4) D:15          Sewer (visited)          Bailey (visited)

Altars:
Dithmenos
Makhleb
Okawaru
Qazlal
Trog
Wu Jian
Xom
Yredelemnul
The Shining One
Beogh
Jiyva

Shops:
D:5 !   D:8 **   Orc:2 (:([*

Portals:
Trove: D:15 (give +4 fire dragon scales)

Annotations:
Lair:2 1 runed translucent door, MordorOrchid's ghost, journeyman SpVM
Snake:4 2 transporters, fly's ghost, adept DjTm
Orc:2 2 runed translucent doors, JosephDoom's ghost, journeyman TrMo


Innate Abilities, Weirdness & Mutations

You have a pair of horns on your head.
You reflexively headbutt those who attack you in melee.


Message History

* * * LOW HITPOINT WARNING * * *
You slash the nagaraja!
You feel better.
The nagaraja is lightly wounded.
You feel very sick. The nagaraja spits poison at you.
The splash of poison misses you.
You hit the nagaraja.
The nagaraja is lightly wounded.
You feel very sick.
The nagaraja hits you with a +2 whip of venom.
* * * LOW HITPOINT WARNING * * *
You are more poisoned.
The nagaraja grabs you. The nagaraja constricts you.
Blink to where?
Press: ? - help, Dir - move target The nagaraja's grasp on you weakens, but your attempt to escape fails.
As you read the scroll of blinking, it crumbles to dust.
You feel very sick.
The nagaraja hits you with a +2 whip of venom!
* * * LOW HITPOINT WARNING * * *
The nagaraja constricts you. The nagaraja spits poison at you.
The splash of poison hits you but does no damage.
You are more poisoned.
You resist. The nagaraja constricts you.
* * * LOW HITPOINT WARNING * * *
You escape the nagaraja's grasp.
* * * LOW HITPOINT WARNING * * *
You feel extremely sick. The nagaraja attacks as you move away!
The nagaraja hits you but does no damage.
You feel very sick.
The nagaraja gestures at you while chanting.
The poison arrow hits you!
You are lethally poisoned!
You partially resist.
* * * LOW HITPOINT WARNING * * *
* * * LOW HITPOINT WARNING * * *
You feel extremely sick.
You die...

........###)......N..#.......#
........# ####.###.#.'......©#
######... #.# #N#.'.......#
##.. ##+###'###....#..# #..#
##....N..##.....#.. #..#
#....N....#........ #..#
#.........#........
#.........#........
#.@.......'.......#
+.........#.......#
+.........#.......#
#.........#.......#
##........#......##
##.......#.....##
######''##.....# #..##......#
#......#


You could see a nagaraja (fast), a naga sharpshooter and a salamander.

Vanquished Creatures
  Rupert (D:15)
  Agnes (Snake:1)
  3 nagarajas
  A bunyip (shapeshifter) (D:13)
  An ettin (D:14)
  A merfolk impaler (Shoals:1)
  Josephine (Orc:2)
  A merfolk avatar (Arena)
  8 hydras
  2 salamander tyrants (Snake:4)
  6 boulder beetles
  3 centaur warriors
  6 anacondas
  3 ice dragons
  10 naga warriors
  2 two-headed ogres
  3 tengu warriors
  6 shock serpents
  5 orc high priests (Orc:2)
  9 naga sharpshooters
  Amaemon (Lair:3)
  Sonja (D:12)
  A skeletal warrior (D:13)
  A sea snake (Shoals:1)
  3 salamander mystics (Snake:4)
  2 naga ritualists
  2 lindwurms (Lair:2)
  3 orc knights
  3 deep elf pyromancers
  4 cyclopes
  8 mana vipers
  An orc sorcerer (Orc:2)
  An oklob plant (Lair:2)
  4 manticores
  3 fauns (Shoals:1)
  25 ugly things
  9 salamanders
  Maurice (D:8)
  A merfolk siren (Shoals:1)
  21 black mambas
  A centaur zombie (D:12)
  2 guardian serpents
  12 naga magi
  18 elephants
  Maggie (Lair:1)
  7 cane toads
  An orange demon (Lair:3)
  A gargoyle (D:14)
  2 kobold demonologists (D:12)
  5 rime drakes
  8 komodo dragons
  3 tengu conjurers (D:15)
  A meliai (shapeshifter) (D:15)
  2 tyrant leeches (D:11)
  A hornet (shapeshifter) (D:13)
  5 polar bears
  A hornet (Lair:6)
  5 trolls
  Prince Ribbit (D:6)
  8 blink frogs
  3 wind drakes
  5 slime creatures (D:13)
  4 dream sheep (Lair:4)
  2 meliai zombies (D:12)
  4 vampires
  A shadow (D:13)
  5 water elementals
  8 wyverns
  9 wraiths
  52 yaks
  7 vampire mosquitoes
  3 basilisks
  A steam dragon (D:7)
  9 wargs
  12 water moccasins
  31 nagas
  21 orc warriors
  3 black bears
  2 sky beasts (D:8)
  2 ogres
  2 boggarts (D:14)
  20 wolves
  5 centaurs
  4 necrophages
  5 kobold brigands
  14 bullfrogs
  2 gnoll sergeants
  2 scorpions
  9 wights
  6 killer bees
  6 howler monkeys
  6 electric eels
  3 hounds
  2 jellies
  36 orc priests
  A gnoll shaman (D:10)
  4 iguanas
  19 orc wizards
  2 mummies (D:12)
  Robin (D:2)
  27 gnolls
  5 river rats (Sewer)
  10 adders
  3 shadow imps
  A white imp (D:6)
  2 ufetubi
  A worm (D:4)
  4 dart slugs
  106 orcs
  9 bats
  5 endoplasms
  9 giant cockroaches
  14 goblins
  11 hobgoblins
  4 jackals (D:3)
  31 kobolds
  4 quokkas
  9 ball pythons
  6 frilled lizards
  30 rats
  A bush (Lair:2)
878 creatures vanquished.

Vanquished Creatures (others)
  A manticore (D:13)
  A cyclops (D:13)
  A vampire mosquito (D:13)
  A swamp drake (D:14)
  A boggart (D:14)
  3 orcs
  33 fungi
  99 plants
140 creatures vanquished.

Grand Total: 1018 creatures vanquished

Notes
Turn   | Place    | Note
-------+----------+-------------------------------------------
     0 | D:1      | Nedwor the Minotaur Gladiator began the quest for the Orb.
     0 | D:1      | Reached XP level 1. HP: 18/18 MP: 0/0
   130 | D:1      | Reached XP level 2. HP: 25/25 MP: 1/1
   280 | D:1      | You fall into a shaft and drop 1 floor!
   294 | D:2      | Reached skill level 3 in Fighting
   385 | D:1      | Found a shimmering altar of Xom.
   397 | D:1      | Reached XP level 3. HP: 13/31 MP: 2/2
  1233 | D:2      | Reached skill level 5 in Staves
  1790 | D:2      | Reached XP level 4. HP: 16/39 MP: 3/3
  2041 | D:2      | Noticed Robin
  2061 | D:2      | Killed Robin
  2390 | D:2      | Reached skill level 4 in Fighting
  2564 | D:2      | Found a faded altar of an unknown god.
  2865 | D:4      | Reached XP level 5. HP: 44/46 MP: 4/4
  3163 | D:4      | Identified 3 scrolls of acquirement
  3165 | D:4      | Acquired a +0 crystal plate armour
  3178 | D:4      | Acquired the +2 pair of gloves of Efaicka {rF+ Int+2}
  3179 | D:4      | Acquired 619 gold pieces
  3333 | D:5      | Entered Level 5 of the Dungeon
  3393 | D:5      | Found Zonliure's Distillery.
  3400 | D:5      | Reached XP level 6. HP: 55/55 MP: 5/5
  3424 | D:5      | Bought a potion of curing for 30 gold pieces
  3424 | D:5      | Bought a potion of might for 40 gold pieces
  3424 | D:5      | Bought a potion of might for 40 gold pieces
  3424 | D:5      | Bought a potion of curing for 30 gold pieces
  3424 | D:5      | Bought 2 potions of heal wounds for 100 gold pieces
  3502 | D:5      | Reached skill level 5 in Fighting
  3702 | D:5      | Reached XP level 7. HP: 55/61 MP: 6/6
  3813 | D:5      | Noticed a wyvern
  3818 | D:5      | Killed a wyvern
  3819 | D:5      | Reached skill level 6 in Fighting
  3949 | D:5      | Found a staircase to the Ecumenical Temple.
  4196 | D:6      | Reached XP level 8. HP: 52/71 MP: 7/7
  4418 | D:6      | Reached skill level 7 in Fighting
  4418 | D:6      | Reached skill level 10 in Staves
  4560 | D:6      | Found a glowing drain.
  4586 | Sewer    | Entered a sewer
  5496 | D:6      | Reached skill level 8 in Fighting
  5966 | D:7      | Noticed Prince Ribbit
  5977 | D:6      | Killed Prince Ribbit
  5978 | D:6      | Reached XP level 9. HP: 44/82 MP: 8/8
  6325 | D:7      | Reached skill level 9 in Fighting
  7347 | D:8      | Found a flagged portal.
  7362 | Bailey   | Entered a bailey
  7504 | Bailey   | Noticed an orc knight
  7525 | Bailey   | Killed an orc knight
  7962 | D:8      | Reached skill level 10 in Fighting
  8075 | D:8      | Reached XP level 10. HP: 59/94 MP: 9/9
  8155 | D:8      | Reached skill level 11 in Fighting
  8348 | D:8      | Found Issymnim's Assorted Antiques.
  8398 | D:8      | Found Mesautz's Assorted Antiques.
  8444 | D:8      | Bought a scroll of identify for 72 gold pieces
  8451 | D:8      | Bought a lajatang for 405 gold pieces
  8451 | D:8      | Bought a scroll of identify for 54 gold pieces
  8451 | D:8      | Bought a potion of berserk rage for 135 gold pieces
  8557 | D:8      | Noticed Maurice
  8564 | D:8      | Killed Maurice
  8565 | D:8      | Reached skill level 12 in Fighting
  8808 | Temple   | Entered the Ecumenical Temple
  8909 | Temple   | Became a worshipper of Warmaster Okawaru
  9299 | D:9      | Identified the -1 buckler of Icehuiru {rF+ Int+4}
  9568 | D:9      | Reached skill level 13 in Fighting
  9569 | D:9      | Reached * piety under Okawaru
  9821 | D:9      | Noticed a two-headed ogre
  9828 | D:9      | Killed a two-headed ogre
  9829 | D:9      | Reached skill level 14 in Fighting
 10041 | D:10     | Entered Level 10 of the Dungeon
 10470 | D:10     | Found a basalt altar of Yredelemnul.
 11454 | D:11     | Reached ** piety under Okawaru
 11473 | D:11     | Reached XP level 11. HP: 71/111 MP: 10/10
 11476 | D:11     | Reached skill level 15 in Fighting
 11868 | D:11     | Reached *** piety under Okawaru
 11869 | D:11     | Reached skill level 1 in Armour
 12139 | D:11     | Found the +8 Vampire's Tooth {vamp}
 12224 | D:11     | Found a staircase to the Lair.
 12517 | D:12     | Reached skill level 16 in Fighting
 12524 | D:12     | Noticed a boulder beetle
 12539 | D:12     | Noticed Sonja
 12879 | D:12     | Killed a boulder beetle
 12880 | D:12     | Reached skill level 5 in Armour
 13125 | D:12     | Killed Sonja
 13125 | D:12     | Reached **** piety under Okawaru
 13386 | D:12     | Found a staircase to the Orcish Mines.
 13531 | D:12     | Reached skill level 17 in Fighting
 13571 | D:12     | Reached ***** piety under Okawaru
 13612 | D:12     | Reached XP level 12. HP: 122/125 MP: 11/11
 13777 | D:12     | Noticed a five-headed hydra
 13790 | D:12     | Killed a seven-headed hydra
 14272 | D:13     | Noticed a five-headed hydra
 14282 | D:13     | Killed a five-headed hydra
 14542 | D:13     | Reached skill level 18 in Fighting
 14549 | D:13     | Noticed an eight-headed hydra
 14557 | D:13     | Killed an eight-headed hydra
 14558 | D:13     | Reached skill level 10 in Armour
 14559 | D:13     | Noticed an ice dragon
 14575 | D:13     | Killed an ice dragon
 14616 | D:13     | Received a gift from Okawaru
 14659 | D:13     | Noticed a two-headed ogre
 14664 | Arena    | Entered the Arena
 14669 | Arena    | Killed a two-headed ogre
 14828 | D:13     | Noticed an alligator
 14836 | D:13     | an alligator changed into a tyrant leech
 14838 | D:13     | Noticed a bunyip
 14838 | D:13     | a tyrant leech changed into a bunyip
 14844 | D:13     | Killed a bunyip
 15127 | D:13     | Found a gate to the Vaults.
 15235 | D:13     | Noticed a boulder beetle
 15236 | D:13     | Noticed a boulder beetle
 15236 | D:13     | Noticed a boulder beetle
 15251 | D:13     | Noticed a centaur warrior
 15263 | D:13     | Noticed a boulder beetle
 15271 | D:13     | Killed a centaur warrior
 15280 | D:13     | Killed a boulder beetle
 15289 | D:13     | Killed a boulder beetle
 15289 | D:13     | Reached ****** piety under Okawaru
 15291 | D:13     | Reached skill level 19 in Fighting
 15299 | D:13     | Killed a boulder beetle
 15299 | D:13     | Received a gift from Okawaru
 15300 | D:13     | Reached XP level 13. HP: 126/137 MP: 12/12
 16755 | D:14     | Acquired the +11 fire dragon scales "Asocutes" {rF++ rC-
                  | Regen+}
 16963 | D:14     | Reached skill level 20 in Fighting
 17529 | D:14     | Noticed an ettin
 17533 | D:14     | Killed an ettin
 17728 | D:14     | Received a gift from Okawaru
 18370 | D:9      | Reached XP level 14. HP: 149/149 MP: 13/13
 18451 | Lair:1   | Entered Level 1 of the Lair of Beasts
 19136 | Lair:1   | Noticed Maggie
 19144 | Lair:1   | Killed Maggie
 19630 | Lair:2   | Found a runed translucent door.
 19630 | Lair:2   | Noticed MordorOrchid's ghost (journeyman SpVM)
 19978 | Lair:3   | Noticed Amaemon
 19988 | Lair:3   | Killed Amaemon
 19989 | Lair:3   | Reached skill level 5 in Shields
 20018 | Lair:3   | Reached XP level 15. HP: 62/157 MP: 9/14
 20429 | Lair:3   | Upgraded the game from 0.29-a0-521-g59ce8b2d47 to
                  | 0.29-a0-541-gaf1fc19f1b
 21542 | Lair:4   | Found a staircase to the Shoals.
 21932 | Lair:4   | Found a staircase to the Snake Pit.
 22217 | Lair:5   | Reached skill level 5 in Evocations
 22422 | Lair:5   | Identified the +0 kite shield of Eternal Vigilance {rC+
                  | Str+2 Dex+4} (Okawaru gifted it to you on level 5 of the
                  | Lair of Beasts)
 22422 | Lair:5   | Received a gift from Okawaru
 22914 | Lair:6   | Entered Level 6 of the Lair of Beasts
 22927 | Lair:5   | Reached skill level 5 in Earth Magic
 22960 | Lair:6   | Reached skill level 15 in Armour
 23081 | Lair:6   | Reached skill level 21 in Fighting
 23282 | Lair:6   | Found a viscous altar of Jiyva.
 23283 | Lair:6   | Found a staircase to the Slime Pits.
 23521 | Arena    | Entered the Arena
 23574 | Lair:6   | Identified the +5 trident of the Firefly {freeze, *Noise
                  | rElec rCorr}
 24053 | D:15     | Entered Level 15 of the Dungeon
 24168 | D:15     | Found a portal to a secret trove of treasure.
 24208 | D:15     | Found a staircase to the Depths.
 24404 | Orc:1    | Entered Level 1 of the Orcish Mines
 24442 | Orc:1    | Identified the +1 chain mail "Fieguri" {Rampage rF+ rC++}
                  | (Okawaru gifted it to you on level 1 of the Orcish Mines)
 24442 | Orc:1    | Received a gift from Okawaru
 24537 | D:12     | Reached XP level 16. HP: 167/167 MP: 15/15
 24862 | Orc:2    | Entered Level 2 of the Orcish Mines
 25723 | Orc:2    | Found Ceodui's Weapon Boutique.
 25723 | Orc:2    | Found Astraegi's Book Emporium.
 25798 | Orc:2    | Found a staircase to the Elven Halls.
 25823 | Orc:2    | Found a large runed translucent door.
 25824 | Orc:2    | Found a large runed translucent door.
 25830 | Orc:2    | Noticed JosephDoom's ghost (journeyman TrMo)
 25941 | Orc:2    | Noticed Josephine
 25952 | Orc:2    | Killed Josephine
 26066 | Orc:2    | Found Ducad's Mayhem Merchandise.
 26128 | Orc:2    | Found Fihiniprim's Antique Weapon Boutique.
 26129 | Orc:2    | Found Inaoq's Antique Armour Emporium.
 26180 | Orc:2    | Reached XP level 17. HP: 130/173 MP: 16/16
 26249 | Orc:2    | Bought a spiked plate armour for 756 gold pieces
 26249 | Orc:2    | Identified the +2 plate armour of Veoggi {rN+ Str+3 Int+3}
                  | (You bought it in a shop on level 2 of the Orcish Mines)
 26249 | Orc:2    | Bought a pair of glowing boots for 202 gold pieces
 26734 | Shoals:1 | Entered Level 1 of the Shoals
 27096 | D:15     | Noticed Rupert
 27115 | D:15     | Killed Rupert
 27561 | Snake:1  | Entered Level 1 of the Snake Pit
 28239 | Snake:1  | Noticed Agnes
 28254 | Snake:1  | Killed Agnes
 32371 | Snake:4  | Entered Level 4 of the Snake Pit
 32394 | Snake:4  | Reached skill level 10 in Evocations
 32778 | Snake:4  | Noticed fly's ghost (adept DjTm)
 32782 | Snake:4  | Found a transporter.
 32787 | Snake:4  | Found a transporter.
 32788 | Snake:4  | Found a bloodstained altar of Trog.
 32788 | Snake:4  | Identified the ring "Puduig" {Int+3 SInv}
 32810 | Snake:4  | Identified the +2 ring mail of the Catamount {rElec rPois
                  | Int-3}
 33155 | Snake:4  | HP: 3/176 [poisoned by a nagaraja (poison arrow)]
 33156 | Snake:4  | Succumbed to a nagaraja's poison arrow

Illustrated notes

Levels and vault maps discovered:
D:1:      dpeg_arrival_rooms_a, layout_loops_ring, minmay_hexomino_r4
D:2:      layout_loops_ring, hellmonk_ecumenical_altar_crossroads, serial_bayou,
          serial_bayou_lagoon_b, serial_bayou_crossing, serial_bayou_lagoon_a,
          serial_bayou_ford_a, serial_bayou_pond_b, grunt_decor_arrowhead,
          uniq_robin
D:3:      minmay_evil_eye, layout_rooms
D:4:      layout_cave_pools
D:5:      layout_loops_cross, minmay_temple_entry_antechambers,
          nicolae_stop_n_shop_1
D:6:      layout_loops_ring, gup_sewer_entry_pipe, minivault_24
D:7:      layout_cave_pools, uniq_prince_ribbit1
D:8:      layout_loops_ring, enter_bailey_3, nicolae_wooded_promenade,
          columned_hall_lemuel, hangedman_glass_teeth, uniq_maurice
D:9:      layout_loops_cross
D:10:     layout_roguey, amcnicky_altar_gilded
D:11:     lemuel_flame_loot_2, layout_irregular_city, lair_entry_dummy,
          minmay_guarded_unrand_vampires_tooth
D:12:     layout_rooms, david_orc_1_choice, serial_undead, serial_undead_e,
          serial_undead_f, serial_undead_e, serial_undead_b, serial_undead_e,
          uniq_sonja
D:13:     minmay_bloctagon, layout_basic, david_vaults_4, gauntlet_entry_generic
D:14:     layout_loops_ring, hangedman_decor_slide_cut, minmay_three_doors
D:15:     grunt_enter_depths_hoard, layout_rooms, enter_trove_0, minivault_14,
          uniq_rupert
Temple:   mainiacjoe_temple_hex_bubbles
Lair:1:   layout_chaotic_city, serial_bayou_shore_a, lemuel_fruit_fields,
          uniq_maggie
Lair:2:   layout_cave_shapes, hellmonk_ghost_happy_afterlife,
          cheibrodos_lair_caveside_slide, nicolae_lair_lindhole
Lair:3:   layout_regular_city, uniq_amaemon
Lair:4:   layout_regular_city, minmay_shoals_entry_beasts, dummy_snake_entry,
          minivault_25
Lair:5:   layout_loops_ring, serial_bayou_shore_b, infiniplex_staircase_pool
Lair:6:   gammafunk_lair_ancient_temple, layout_loops_ring, slime_altar_1,
          st_stairs_10, eino_small_chamber_without_monster
Shoals:1: layout_shoals, uniq_kirke
Snake:1:  layout_chambers, uniq_agnes
Snake:2:  layout_grid_maze, st_stairs_7
Snake:3:  layout_gridlike, lemuel_fruit_tree
Snake:4:  snake_pit, layout_gridlike, gammafunk_ghost_wrathful_warriors,
          drop_trap
Orc:1:    cheibrodos_orc_bank, layout_caves, portal_ice_cave_entry_imps
Orc:2:    st_orc_town, layout_caves, ebering_ghost_disaster_area,
          minmay_shop_mayhem, mines2_lemuel, uniq_josephine

Skill      XL: |  1  2  3  4  5  6  7  8  9 10 11 12 13 14 15 16 17 |
---------------+----------------------------------------------------+-----
Staves         | 4 5 6 7 8 9 12 14 | 14.0
Fighting       | 3 4 5 6 8 10 14 17 19 20 21 | 21.9
Armour         | 7 11 14 15 16 | 16.5
Shields        | 3 5 7 9 |  9.8
Earth Magic    | 2 3 7 9 |  9.6
Evocations     | 2 3 7 8 10 | 10.5
Throwing       | |  2.0
Dodging        | |  3.2

Action                   |  1- 3 |  4- 6 |  7- 9 | 10-12 | 13-15 | 16-18 || total
-------------------------+-------+-------+-------+-------+-------+-------++-------
Melee: Quarterstaff      |   108 |   105 |   341 |    30 |       |       ||   584
       Headbutt          |    18 |    15 |    40 |   128 |   246 |   214 ||   661
       Lajatang          |       |       |       |   469 |   862 |   856 ||  2187
       Staff             |       |       |       |    28 |     7 |       ||    35
       Punch             |       |       |       |       |     1 |       ||     1
Invok: Heroism           |       |       |       |     4 |    18 |    16 ||    38
       Duel              |       |       |       |     1 |     1 |       ||     2
       Finesse           |       |       |       |       |     8 |     5 ||    13
Evoke: Wand              |       |       |     1 |       |     1 |     1 ||     3
  Use: Scroll            |       |    12 |    11 |    10 |     5 |     6 ||    44
       Potion            |       |       |     4 |    17 |    12 |     8 ||    41
 Stab: Sleeping          |     1 |       |       |       |       |       ||     1
       Invisible         |       |       |       |     4 |     1 |       ||     5
       Petrified         |       |       |       |       |     1 |       ||     1
Armor: Leather armour    |    20 |       |       |       |       |       ||    20
       Scale mail        |    14 |    35 |       |       |       |       ||    49
       Crystal plate arm |       |    26 |   236 |   374 |   852 |   259 ||  1747
       Plate armour      |       |       |       |       |       |   300 ||   300
Dodge: Dodged            |    77 |    56 |   176 |   245 |   375 |   342 ||  1271

Table legend: (Time is in decaauts)
 A = Elapsed time spent in this place.
 B = Non-inter-level travel time spent in this place.
 C = Inter-level travel time spent in this place.
 D = Time resting spent in this place.
 E = Time spent auto-exploring this place.
 F = Levels seen in this place.
 G = Mean time per level.
                   A        B        C        D        E       F      G
               +--------+--------+--------+--------+--------+-----+--------+
         Total |  32549 |  28895 |   3654 |   5043 |  17377 |  33 |  986.3 |
       Dungeon |  18750 |  16415 |   2335 |   3765 |   9724 |  15 | 1250.0 |
        Temple |    126 |    110 |     16 |      0 |     37 |   1 |  126.0 |
          Lair |   6047 |   5135 |    912 |    501 |   3622 |   6 | 1007.8 |
        Shoals |     87 |     85 |      2 |      0 |      0 |   1 |   87.0 |
     Snake Pit |   4366 |   4237 |    129 |    498 |   2522 |   4 | 1091.5 |
  Orcish Mines |   1899 |   1642 |    257 |    189 |    896 |   2 |  949.5 |
         Sewer |    727 |    727 |      0 |      0 |    367 |   1 |  727.0 |
        Bailey |    490 |    490 |      0 |     56 |    208 |   1 |  490.0 |
         Arena |     53 |     53 |      0 |     34 |      0 |   2 |   26.5 |
               +--------+--------+--------+--------+--------+-----+--------+

Top non-repeatable levels by time:
    D:14: 2813 daAuts
    D:11: 1958 daAuts
     D:6: 1755 daAuts
     D:2: 1755 daAuts
    D:12: 1532 daAuts
  Lair:3: 1474 daAuts
 Snake:2: 1417 daAuts
   Orc:2: 1368 daAuts
 Snake:1: 1355 daAuts
     D:8: 1321 daAuts
    D:13: 1280 daAuts
  Lair:1: 1159 daAuts
     D:1: 1080 daAuts
     D:9: 1053 daAuts
  Lair:4: 986 daAuts
